 Dungeon Crawl Stone Soup version 0.29-a0-119-g4040846114 (webtiles) character file.

Game seed: 3574775933874560890

1739 danj393 the Shield-Bearer (level 9, -3/65 HPs)
             Began as a Gnoll Fighter on Feb 19, 2022.
             Was an Elder of Hepliaklqana.
             Shot with an arrow by a centaur (12 damage)
             ... on level 7 of the Dungeon.
             The game lasted 00:13:50 (6641 turns).

danj393 the Shield-Bearer (Gnoll Fighter)           Turns: 6641, Time: 00:13:51

Health: -3/65      AC:  8    Str: 20      XL:     9   Next: 5%
Magic:  14/14      EV: 10    Int:  8      God:    Hepliaklqana [****..]
Gold:   395        SH:  5    Dex: 10 (11) Spells: 15/15 levels left

rFire   . . .      SeeInvis .   a - +0 war axe
rCold   . . .      Faith    .   c - +0 buckler
rNeg    . . .      Spirit   .   b - +0 scale mail
rPois   .          Reflect  .   (no helmet)
rElec   .          Harm     .   (no cloak)
rCorr   +          Rampage  .   (no gloves)
Will    .....                   (no boots)
Stlth   +.........              (no amulet)
HPRegen 0.20/turn               g - ring of resist corrosion
MPRegen 0.14/turn               (no ring)

@: no status effects
A: reduced essence, fangs 1, strong nose, distributed training
a: Renounce Religion, Recall Ancestor, Ancestor Identity, Transference, Idealise


You were on level 7 of the Dungeon.
You worshipped Hepliaklqana.
Hepliaklqana was greatly pleased with you.
You visited 1 branch of the dungeon, and saw 7 of its levels.

You collected 395 gold pieces.

Inventory:

Hand Weapons
 a - a +0 war axe (weapon)
Armour
 b - a +0 scale mail (worn)
 c - a +0 buckler (worn)
 k - a +0 chain mail
Jewellery
 g - a ring of resist corrosion (left hand)
 q - a ring of resist corrosion
 t - a +6 ring of intelligence
 A - a +6 ring of intelligence
Wands
 l - a wand of charming (11)
 v - a wand of digging (1)
 y - a wand of flame (23)
Scrolls
 d - a scroll of noise {unknown}
 e - a scroll of fog {unknown}
 f - 2 scrolls of silence {unknown}
 h - 3 scrolls of magic mapping
 i - 2 scrolls of fear {unknown}
 j - 3 scrolls of teleportation
 m - a scroll of brand weapon {unknown}
 n - 5 scrolls of identify
 u - a scroll of immolation {unknown}
 w - 2 scrolls of vulnerability {unknown}
 x - a scroll of blinking {unknown}
 z - a scroll of torment {unknown}
Potions
 o - a potion of flight
 p - 2 potions of curing
 r - a potion of cancellation {unknown}
 s - a potion of attraction {unknown}


   Skills:
 + Level 7.6 Fighting
 + Level 3.8 Short Blades
 + Level 3.8 Long Blades
 + Level 6.0 Axes
 + Level 3.8 Maces & Flails
 + Level 3.8 Polearms
 + Level 3.8 Staves
 + Level 3.8 Slings
 + Level 3.8 Bows
 + Level 3.8 Crossbows
 + Level 3.8 Throwing
 + Level 7.6 Armour
 + Level 3.8 Dodging
 + Level 3.8 Stealth
 + Level 7.6 Shields
 + Level 3.8 Unarmed Combat
 + Level 3.8 Spellcasting
 + Level 3.1 Conjurations
 + Level 3.1 Hexes
 + Level 3.1 Summonings
 + Level 3.1 Necromancy
 + Level 3.1 Translocations
 + Level 3.1 Transmutations
 + Level 3.1 Fire Magic
 + Level 3.1 Ice Magic
 + Level 3.1 Air Magic
 + Level 3.1 Earth Magic
 + Level 3.1 Poison Magic
 + Level 4.2 Invocations
 + Level 3.8 Evocations


You had 15 spell levels left.
You didn't know any spells.
Your spell library contained the following spells:

 Spells                   Type           Power      Damage    Failure   Level
 Beastly Appendage        Tmut           12%        N/A       26%         1
 Wereblood                Tmut           6%         N/A       36%         2
 Call Canine Familiar     Summ           6%         N/A       61%         3
 Inner Flame              Hex/Fire       6%         N/A       61%         3
 Portal Projectile        Hex/Tloc       12%        N/A       61%         3
 Spider Form              Tmut/Pois      6%         N/A       61%         3
 Cause Fear               Hex            3%         N/A       95%         4
 Leda's Liquefaction      Hex/Erth       3%         N/A       95%         4
 Summon Ice Beast         Ice/Summ       6%         N/A       95%         4
 Summon Mana Viper        Hex/Summ       6%         N/A       100%        5
 Monstrous Menagerie      Summ           3%         N/A       100%        7
 Discord                  Hex            3%         N/A       100%        8


Dungeon Overview and Level Annotations

Branches:
Dungeon (7/15)             Temple (0/1) D:6

Altars:
Ashenzari
Cheibriados
Gozag
Hepliaklqana
Uskayaw
Zin

Shops:
D:6 :

Annotations:
D:4 2 transporters, kae's ghost, amateur DrTm


Innate Abilities, Weirdness & Mutations

Your life essence is reduced to manifest your ancestor. (-10% HP)
You have very sharp teeth.
Your uncanny sense of smell can sniff out nearby items.
Your experience applies equally to all skills.


Message History

The ogre hits Numeria with a +0 giant club!!
Numeria points at the ogre and mumbles some strange words.
The ogre seems to slow down.
Unknown command.
As you read the scroll of teleportation, it crumbles to dust.
You feel strangely unstable.
Numeria hits the ogre with a +0 dagger of draining!
The ogre dies!
You feel your dexterity returning.
Unknown command.
The centaur shoots an arrow.
The arrow hits you.
* * * LOW HITPOINT WARNING * * *
The arrow freezes you.
* * * LOW HITPOINT WARNING * * *
Numeria points at the hound and mumbles some strange words.
The hound seems to slow down.
The hound bites you but does no damage.
The centaur shoots an arrow.
The arrow barely misses you. The hound bites you.
* * * LOW HITPOINT WARNING * * *
The centaur shoots an arrow.
The arrow misses you.
Numeria barely misses the hound.
The centaur shoots an arrow.
The arrow hits you.
* * * LOW HITPOINT WARNING * * *
The arrow freezes you.
* * * LOW HITPOINT WARNING * * *
Unknown command.
You feel better.
Your surroundings seem slightly different.
Numeria points at the hound and mumbles some strange words.
The hound resists with significant effort.
The centaur shoots an arrow.
The arrow hits you but does no damage.
The hound barely misses Numeria.
Unknown command.
The centaur shoots an arrow.
The arrow hits you but does no damage.
Numeria misses the hound.
The hound bites you.
* * * LOW HITPOINT WARNING * * *
The centaur shoots an arrow.
The arrow completely misses you.
Numeria closely misses the hound.
The centaur shoots an arrow.
The arrow hits you!
You die...

#...!.............#...?.
....................)...
.##.....................
........#...............
........##........c.....
.........#..............
...............R........
.....##......)h!.......
..#.....##....@......#
#...>. #............
#....##...##..#.....
#....#.........#....
#..........##.####.#
......#. .. .# .#.## ...
#. ..##


You could see the friendly Numeria the hexer, a centaur and a hound (slow, ally
target).

Vanquished Creatures
  A vampire (D:5)
  Duvessa (D:6)
  A sky beast (D:5)
  A necrophage (D:5)
  2 ogres (D:5)
  A water moccasin skeleton (D:5)
  2 centaur zombies
  A hound (D:5)
  A centaur skeleton (D:7)
  A bullfrog skeleton (D:6)
  An iguana (D:5)
  Natasha (twice) (D:2)
  2 orc wizards
  9 adders
  3 ufetubi
  2 worms (D:2)
  8 orcs
  5 ball pythons
  9 endoplasms
  3 goblins
  3 hobgoblins
  6 jackals
  2 quokkas
  5 bats
  2 frilled lizards (D:2)
  10 kobolds
  6 rats
90 creatures vanquished.

Vanquished Creatures (collateral kills)
  Grinder (D:6)
  Menkaure (D:6)
  A sky beast (D:5)
  An ogre (D:7)
  Dowan (D:6)
  A hound (D:7)
  2 centaur skeletons
  Natasha (D:2)
  2 adders (D:3)
  A worm (D:5)
  2 orcs
  A bat (D:2)
  An endoplasm (D:2)
  A goblin (D:2)
  2 quokkas
  A ball python (D:2)
  A rat (D:2)
21 creatures vanquished.

Grand Total: 111 creatures vanquished

Notes
Turn   | Place    | Note
-------+----------+-------------------------------------------
     0 | D:1      | danj393 the Gnoll Fighter began the quest for the Orb.
     0 | D:1      | Reached XP level 1. HP: 23/23 MP: 1/1
   254 | D:1      | Found a faded altar of an unknown god.
   401 | D:1      | Reached XP level 2. HP: 29/29 MP: 2/2
   881 | D:1      | Prayed at the altar of an unknown god.
   881 | D:1      | Became a worshipper of Hepliaklqana the Forgotten
   881 | D:1      | Reached * piety under Hepliaklqana
  1126 | D:2      | Reached XP level 3. HP: 31/31 MP: 3/3
  1140 | D:2      | Reached skill level 1 in Invocations
  1210 | D:2      | Reached skill level 1 in Short Blades
  1210 | D:2      | Reached skill level 1 in Long Blades
  1210 | D:2      | Reached skill level 1 in Maces & Flails
  1210 | D:2      | Reached skill level 1 in Polearms
  1210 | D:2      | Reached skill level 1 in Staves
  1210 | D:2      | Reached skill level 1 in Slings
  1210 | D:2      | Reached skill level 1 in Bows
  1210 | D:2      | Reached skill level 1 in Crossbows
  1210 | D:2      | Reached skill level 1 in Throwing
  1210 | D:2      | Reached skill level 1 in Dodging
  1210 | D:2      | Reached skill level 1 in Stealth
  1210 | D:2      | Reached skill level 1 in Unarmed Combat
  1210 | D:2      | Reached skill level 1 in Spellcasting
  1210 | D:2      | Reached skill level 1 in Evocations
  1210 | D:2      | Reached XP level 4. HP: 36/36 MP: 5/5
  1243 | D:2      | Noticed Natasha
  1251 | D:2      | Killed Natasha
  1252 | D:2      | Reached skill level 1 in Conjurations
  1252 | D:2      | Reached skill level 1 in Hexes
  1252 | D:2      | Reached skill level 1 in Summonings
  1252 | D:2      | Reached skill level 1 in Necromancy
  1252 | D:2      | Reached skill level 1 in Translocations
  1252 | D:2      | Reached skill level 1 in Transmutations
  1252 | D:2      | Reached skill level 1 in Fire Magic
  1252 | D:2      | Reached skill level 1 in Ice Magic
  1252 | D:2      | Reached skill level 1 in Air Magic
  1252 | D:2      | Reached skill level 1 in Earth Magic
  1252 | D:2      | Reached skill level 1 in Poison Magic
  1415 | D:2      | Reached ** piety under Hepliaklqana
  1431 | D:2      | Remembered your ancestor Numeria as a hexer
  1830 | D:2      | Noticed Natasha
  1836 | D:2      | Killed Natasha
  1837 | D:2      | Reached XP level 5. HP: 41/42 MP: 5/7
  1850 | D:2      | Noticed Natasha
  1859 | D:2      | Killed Natasha
  2017 | D:3      | HP: 2/63 [frozen (5)]
  2430 | D:3      | Reached XP level 6. HP: 47/47 MP: 8/8
  2459 | D:3      | Found a broken altar of Ashenzari.
  2908 | D:4      | Found a transporter.
  2916 | D:4      | Found a transporter.
  2917 | D:4      | Noticed kae's ghost (amateur DrTm)
  2932 | D:4      | Reached *** piety under Hepliaklqana
  3182 | D:4      | Found a hide-covered altar of Uskayaw.
  3311 | D:4      | Found a glowing silver altar of Zin.
  3368 | D:4      | Found an opulent altar of Gozag.
  3596 | D:5      | Entered Level 5 of the Dungeon
  3656 | D:5      | Reached skill level 5 in Axes
  3696 | D:5      | Noticed a sky beast
  3707 | D:5      | Killed a sky beast
  3929 | D:5      | Reached XP level 7. HP: 53/53 MP: 10/10
  4069 | D:5      | Found a snail-covered altar of Cheibriados.
  4452 | D:5      | Reached XP level 8. HP: 51/60 MP: 12/12
  4533 | D:5      | Noticed a vampire
  4552 | D:5      | Killed a vampire
  5121 | D:6      | Noticed Dowan
  5122 | D:6      | Noticed Duvessa
  5135 | D:6      | Killed Duvessa
  5140 | D:6      | Killed Dowan
  5442 | D:6      | Found Azaokic's Book Emporium.
  5442 | D:6      | Noticed Menkaure
  5447 | D:6      | Killed Menkaure
  5619 | D:6      | Found a staircase to the Ecumenical Temple.
  5636 | D:6      | Noticed Grinder
  5677 | D:6      | Killed Grinder
  5971 | D:6      | Reached **** piety under Hepliaklqana
  6632 | D:7      | Reached XP level 9. HP: 24/64 MP: 14/14
  6632 | D:7      | HP: 1/64 [centaur/arrow (3)]
  6638 | D:7      | HP: 3/65 [centaur/arrow (5)]
  6638 | D:7      | HP: 1/65 [centaur/arrow (2)]
  6641 | D:7      | Shot with an arrow by a centaur

Illustrated notes

Levels and vault maps discovered:
D:1:      minmay_arrival_wavy_path, layout_loops_corners,
          basic_ecumenical_altar, minmay_misc_feat_doors,
          chequers_serial_rivers_micro_c, minivault_25
D:2:      wad_crossroads, layout_basic, uniq_natasha
D:3:      layout_rooms, ashenzari_conservatory_becter
D:4:      layout_loops_ring, pdpol_temple_overflow_zin_treasury_gozag_greed,
          nicolae_overflow_crystal_walls, gammafunk_ghost_smash
D:5:      layout_loops_ring, mainiacjoe_overflow_alcove_1
D:6:      layout_basic, minmay_temple_entry_from_below_b, serial_shops, shop,
          kennysheep_crisscross, uniq_menkaure, uniq_duvessa, uniq_grinder
D:7:      layout_cave_pools, minmay_nine_imps

Skill      XL: |  1  2  3  4  5  6  7  8 |
---------------+-------------------------+-----
Invocations    | 1 2 3 4 |  4.2
Short Blades   | 1 2 3 |  3.8
Long Blades    | 1 2 3 |  3.8
Maces & Flails | 1 2 3 |  3.8
Polearms       | 1 2 3 |  3.8
Staves         | 1 2 3 |  3.8
Slings         | 1 2 3 |  3.8
Bows           | 1 2 3 |  3.8
Crossbows      | 1 2 3 |  3.8
Throwing       | 1 2 3 |  3.8
Dodging        | 1 2 3 |  3.8
Stealth        | 1 2 3 |  3.8
Unarmed Combat | 1 2 3 |  3.8
Spellcasting   | 1 2 3 |  3.8
Evocations     | 1 2 3 |  3.8
Conjurations   | 1 2 3 |  3.1
Hexes          | 1 2 3 |  3.1
Summonings     | 1 2 3 |  3.1
Necromancy     | 1 2 3 |  3.1
Translocations | 1 2 3 |  3.1
Transmutations | 1 2 3 |  3.1
Fire Magic     | 1 2 3 |  3.1
Ice Magic      | 1 2 3 |  3.1
Air Magic      | 1 2 3 |  3.1
Earth Magic    | 1 2 3 |  3.1
Poison Magic   | 1 2 3 |  3.1
Axes           | 5 6 |  6.0
Fighting       | 7 |  7.6
Armour         | 7 |  7.6
Shields        | 7 |  7.6

Action                   |  1- 3 |  4- 6 |  7- 9 || total
-------------------------+-------+-------+-------++-------
Melee: War axe           |    72 |   133 |   121 ||   326
       Bite              |     6 |     8 |    13 ||    27
Invok: Ancestor Life: He |       |     1 |       ||     1
Evoke: Wand              |       |       |     2 ||     2
  Use: Potion            |       |     1 |     7 ||     8
       Scroll            |       |     1 |     2 ||     3
 Stab: Distracted        |     1 |     3 |     2 ||     6
       Confused          |       |     2 |     1 ||     3
       Invisible         |       |       |     1 ||     1
Armor: Scale mail        |    43 |    46 |    51 ||   140
       Skin              |       |     9 |       ||     9
Dodge: Dodged            |    42 |    49 |    91 ||   182
Block: Buckler           |    25 |    31 |    30 ||    86

Table legend: (Time is in decaauts)
 A = Elapsed time spent in this place.
 B = Non-inter-level travel time spent in this place.
 C = Inter-level travel time spent in this place.
 D = Time resting spent in this place.
 E = Time spent auto-exploring this place.
 F = Levels seen in this place.
 G = Mean time per level.
                   A        B        C        D        E       F      G
               +--------+--------+--------+--------+--------+-----+--------+
         Total |   6732 |   6564 |    168 |    235 |   5419 |   7 |  961.7 |
       Dungeon |   6732 |   6564 |    168 |    235 |   5419 |   7 |  961.7 |
               +--------+--------+--------+--------+--------+-----+--------+

Top non-repeatable levels by time:
     D:5: 1544 daAuts
     D:6: 1329 daAuts
     D:2: 1028 daAuts
     D:1: 982 daAuts
     D:3: 839 daAuts
     D:4: 797 daAuts
     D:7: 209 daAuts
